 Dungeon Crawl Stone Soup version 0.21-a0-41-g5e91fef (webtiles) character file.

1545 roguesci the Magician (level 8, -3/68 HPs)
             Began as a Red Draconian Ice Elementalist on June 3, 2017.
             Shot with an arrow by a centaur (6 damage)
             ... on level 6 of the Dungeon.
             The game lasted 00:28:44 (8061 turns).

roguesci the Magician (DrIE)                        Turns: 8061, Time: 00:28:45

Health: -3/68      AC:  9    Str: 16    XL:     8   Next: 56%
Magic:  7/16       EV: 14    Int: 27    God:
Gold:   274        SH:  0    Dex: 12    Spells: 8/17 levels left

rFire    + . .     SeeInvis .   d - +0 hand axe (chop)
rCold    + . .     Gourm    .   (no shield)
rNeg     . . .     Faith    .   (armour unavailable)
rPois    .         Spirit   .   (helmet restricted)
rElec    .         Reflect  .   (no cloak)
rCorr    .         Harm     .   u - +2 pair of gloves
MR       .....                  (no boots)
Stlth    ++........             (no amulet)
Regen    0.3/turn               v - ring of protection from cold
MPRegen  0.2/turn               r - +3 ring of intelligence

@: mighty, brilliant
A: breathe fire, unfitting armour, clever 1, fire resistance 1, wild magic 1,
cold-blooded, AC +6
a: Breathe Fire


You were on level 6 of the Dungeon.
You were very hungry.

You visited 1 branch of the dungeon, and saw 6 of its levels.

You collected 274 gold pieces.

Inventory:

Hand Weapons
 d - a +0 hand axe of chopping (weapon)
Missiles
 f - 180 stones (quivered)
Armour
 u - a +2 pair of gloves (worn)
Jewellery
 i - a +4 ring of strength
 o - an uncursed ring of flight
 r - a +3 ring of intelligence (right hand)
 v - a ring of protection from cold (left hand)
Wands
 a - a wand of digging (7/24)
 j - a wand of polymorph (8/24)
 w - a wand of confusion (7/48)
Scrolls
 c - 3 scrolls of identify
 g - 4 scrolls of teleportation
 h - a scroll of enchant armour {unknown}
 k - a scroll of noise {unknown}
 l - a scroll of amnesia {unknown}
 m - a scroll of fear {unknown}
 n - a scroll of immolation {unknown}
Potions
 t - a potion of lignification {unknown}
Books
 s - a book of Maledictions

   Spells                             Type                      Level
   a - Corona                         Hexes                        1
   b - Ensorcelled Hibernation        Hexes/Ice                    2
   c - Confuse                        Hexes                        3
   d - Tukima's Dance                 Hexes                        3
   e - Dazzling Spray                 Conjuration/Hexes            3
Comestibles
 b - 3 bread rations
 p - a meat ration


   Skills:
 + Level 5.0 Fighting
 * Level 4.6 Dodging
 + Level 4.1 Stealth
 * Level 5.4 Spellcasting
   Level 1.0 Conjurations
 * Level 2.6 Hexes
 + Level 3.8 Ice Magic


You had 8 spell levels left.
You knew the following spells:

 Your Spells              Type           Power        Failure   Level  Hunger
a - Freeze                Ice            ####         1%          1    None
b - Ozocubu's Armour      Chrm/Ice       #####...     1%          3    #......
c - Ensorcelled Hibernat  Hex/Ice        ######       1%          2    None
d - Confuse               Hex            #####...     1%          3    #......


Dungeon Overview and Level Annotations

Branches:
Dungeon (6/15)
 Temple: D:4-7

Altars:
Nemelex Xobeh
Qazlal
Trog
Xom


Innate Abilities, Weirdness & Mutations

You can breathe blasts of fire.
Your fiery red scales are hard. (AC +6)
You cannot fit into any form of body armour.
Your flesh is heat resistant. (rF+)
You are cold-blooded and may be slowed by cold attacks.
Your mind is acute. (Int +2)
Your spells are a little harder to cast, but a little more powerful.


Message History

The centaur shoots an arrow.
The arrow hits you!
The centaur shoots an arrow.
The arrow barely misses you.
You see here an arrow.
The centaur shoots an arrow.
The arrow barely misses you.
You slash the black bear!
You kill the black bear!
Your Fighting skill increases to level 5!
The centaur shoots an arrow.
The arrow hits you.
The centaur shoots an arrow.
The arrow hits you!
* * * LOW HITPOINT WARNING * * *
Unknown command.
The centaur shoots an arrow.
The arrow hits you!
* * * LOW HITPOINT WARNING * * *
You see here 2 arrows.
It was a potion of brilliance.
You feel clever all of a sudden.
The centaur shoots an arrow.
The arrow hits you.
* * * LOW HITPOINT WARNING * * *
The centaur shoots an arrow.
The arrow hits you.
You die...

##.###.....#..##
##.......# #.
###.....## ##..###.#
# ##...## #..# ###
##..# #.## ##.# #.#
#(# #.# ##.# #..#
#.(####...... ###
#.(@........
.....###..###......
........### #....
......c..# ..#
........h.# #
..........######(.#
.#..†.............#
#...........(....# #
#....##.......[..#..


You could see a centaur.

Vanquished Creatures
  Prince Ribbit (D:6)
  3 sky beasts
  An ice beast (D:4)
  A black bear (D:6)
  A phantom (D:6)
  An ogre (D:5)
  A bullfrog (D:4)
  A scorpion (D:5)
  A howler monkey (D:6)
  2 hounds (D:5)
  2 orc priests (D:3)
  2 bullfrog skeletons (D:4)
  Jessica (D:2)
  3 worker ants
  A worker ant zombie (D:6)
  6 gnolls (D:3)
  11 adders
  A shadow imp (D:5)
  4 worms
  3 dart slugs
  6 leopard geckos
  12 orcs
  4 giant cockroaches
  14 goblins
  4 hobgoblins
  10 jackals
  A quokka (D:4)
  15 bats
  2 frilled lizards
  12 kobolds
  2 leopard gecko skeletons (D:4)
  A quokka skeleton (D:5)
  8 rats
  A plant (D:3)
139 creatures vanquished.

Notes
Turn   | Place    | Note
-------+----------+-------------------------------------------
     0 | D:1      | roguesci the Draconian Ice Elementalist began the quest for the Orb.
     0 | D:1      | Reached XP level 1. HP: 14/14 MP: 3/3
   354 | D:1      | Reached XP level 2. HP: 6/22 MP: 0/5
   830 | D:1      | Reached skill level 1 in Fighting
  1277 | D:1      | Reached XP level 3. HP: 23/28 MP: 6/6
  1617 | D:2      | Found a shimmering altar of Xom.
  1617 | D:2      | Found a shimmering altar of Xom.
  1617 | D:2      | Found a shimmering altar of Xom.
  1618 | D:2      | Found a shimmering altar of Xom.
  1618 | D:2      | Found a shimmering altar of Xom.
  1618 | D:2      | Found a shimmering altar of Xom.
  1728 | D:2      | Learned a level 3 spell: Ozocubu's Armour
  1875 | D:2      | Noticed Jessica
  1956 | D:2      | Killed Jessica
  1956 | D:2      | Reached XP level 4. HP: 15/36 MP: 2/8
  2914 | D:3      | Reached XP level 5. HP: 44/44 MP: 6/9
  3393 | D:3      | Noticed a sky beast
  3431 | D:3      | Killed a sky beast
  3664 | D:3      | Reached XP level 6. HP: 41/51 MP: 8/11
  5287 | D:4      | Found a sparkling altar of Nemelex Xobeh.
  5722 | D:4      | Noticed an ice beast
  5796 | D:4      | Killed an ice beast
  5796 | D:4      | Your scales start taking on a fiery red colour.
  5796 | D:4      | Reached XP level 7. HP: 38/59 MP: 13/13
  5796 | D:4      | Gained mutation: Your flesh is heat resistant. (rF+) [Red Draconian growth]
  6878 | D:5      | Entered Level 5 of the Dungeon
  7003 | D:5      | Learned a level 2 spell: Ensorcelled Hibernation
  7007 | D:5      | Learned a level 3 spell: Confuse
  7391 | D:5      | Reached skill level 1 in Hexes
  7493 | D:5      | Found a bloodstained altar of Trog.
  7552 | D:5      | Reached XP level 8. HP: 67/67 MP: 13/15
  7555 | D:5      | Gained mutation: Your mind is acute. (Int +2) [mutagenic meat]
  7556 | D:5      | Gained mutation: Your spells are a little harder to cast, but a little more powerful. [mutagenic meat]
  7575 | D:5      | Reached skill level 5 in Spellcasting
  7678 | D:6      | Found a stormy altar of Qazlal.
  7827 | D:6      | Found a stormy altar of Qazlal.
  7905 | D:6      | Noticed an air elemental
  8024 | D:6      | Noticed Prince Ribbit
  8050 | D:6      | Killed Prince Ribbit
  8059 | D:6      | Reached skill level 5 in Fighting
  8061 | D:6      | HP: 3/68 [centaur/arrow (4)]
  8061 | D:6      | Shot with an arrow by a centaur

Vault maps used:
D:1:      dpeg_arrival_castle, serial_curves, eino_curves_04, eino_curves_04
D:2:      xom_redecorated, uniq_jessica
D:3:      kennysheep_six_static_rooms, first_bread, serial_bayou_lagoon_a
D:4:      kennysheep_mini, kennysheep_another_room
D:5:      old_standard_altar, roderic_roman_lattice
D:6:      fedhas_altar_2, nicolae_qazlal_style_of_elements,
          minmay_temple_entry_from_below_a, basic_altar, uniq_prince_ribbit1

Skill      XL: |  1  2  3  4  5  6  7  8 |
---------------+-------------------------+-----
Dodging        | 2 3 4 |  4.6
Fighting       | 1 2 3 4 5 |  5.0
Stealth        | 2 3 4 |  4.1
Spellcasting   | 3 4 5 |  5.4
Hexes          | 1 2 |  2.6
Conjurations   | |  1.0
Ice Magic      | |  3.8

Action                   |  1- 3 |  4- 6 |  7- 9 || total
-------------------------+-------+-------+-------++-------
Melee: Unarmed           |   148 |   722 |    21 ||   891
       Tailslap          |    17 |   106 |    17 ||   140
       Hand axe          |       |       |   171 ||   171
Throw: Stone             |       |    45 |     8 ||    53
 Cast: Freeze            |    13 |    43 |    10 ||    66
       Ozocubu's Armour  |     1 |    14 |     3 ||    18
       Ensorcelled Hiber |       |       |     7 ||     7
       Confuse           |       |       |     2 ||     2
 Abil: Breathe Fire      |       |       |     8 ||     8
  Use: Potion            |     1 |     5 |     3 ||     9
       Scroll            |       |     1 |     2 ||     3
 Stab: Sleeping          |     5 |     5 |     5 ||    15
  Eat: Chunk             |     4 |    14 |     6 ||    24
       Fruit             |       |       |     6 ||     6
Armor: Skin              |    52 |   262 |    90 ||   404
Dodge: Dodged            |   115 |   492 |   179 ||   786
